[Event "Titled Tuesday Blitz February 07 Late 2023"]
[White "Bongo Akanga Ndjila, Barthelemy"]
[Black "Mesa Cruz, Juan Carlos"]
[WhiteFideId "10609431"]
[BlackFideId "6423400"]
[WhiteElo "1824"]
[BlackElo "2122"]
[Result "0-1"]
[Round "04"]
[TimeControl "180+2"]
[Date "2023.02.07"]
[WhiteClock "0:00:18"]
[BlackClock "0:00:11"]

1. d4 Nf6 2. Nf3 e6 3. c4 Bb4+ 4. Bd2 Qe7 5. g3 d5 6. Bg2 O-O 7. O-O Rd8 8. Bg5 dxc4 9. Qc2 h6 10. Bc1 b5 11. Ne5 Nd5 12. e4 Nf6 13. Be3 Bb7 14. Rd1 Nbd7 15. Nxd7 Rxd7 16. Nc3 a6 17. a4 c6 18. d5 cxd5 19. exd5 Bxc3 20. bxc3 Bxd5 21. Bh3 Rad8 22. axb5 axb5 23. Bd4 Bf3 24. Rdb1 Rd5 25. Re1 Rh5 26. Bf1 Ba8 27. Ra7 Qd6 28. Qe2 Qc6 29. f3 Qxf3 30. Bg2 Qxg2+ 31. Qxg2 Bxg2 32. Kxg2 Nd5 33. Rb7 Rf5 34. g4 Rg5 35. Kg3 h5 36. h3 hxg4 37. hxg4 f5 38. Rxb5 Rxg4+ 39. Kf3 Rd6 40. Rb7 Nf4 41. Bxg7 Rd3+ 42. Kf2 Rxg7 43. Rb8+ Kf7 44. Ra1 Rg2+ 45. Kf1 Rf3+ 46. Ke1 Nd3+ 47. Kd1 Rf1# 0-1


[Site "https://www.chess.com"]

[Event "Titled Tuesday Blitz February 07 Late 2023"]
[White "Curtis, John"]
[Black "Mikhalsky, Vladimir"]
[WhiteFideId "3200256"]
[BlackFideId "14144352"]
[WhiteElo "2292"]
[BlackElo "2219"]
[Result "0-1"]
[Round "04"]
[TimeControl "180+2"]
[Date "2023.02.07"]
[WhiteClock "0:00:03"]
[BlackClock "0:00:24"]

1. e4 c5 2. Nf3 Nc6 3. Bb5 g6 4. O-O Bg7 5. c3 a6 6. Ba4 b5 7. Bc2 d5 8. d4 cxd4 9. Nxd4 Nxd4 10. cxd4 dxe4 11. Bxe4 Ra7 12. Be3 Nf6 13. Bc6+ Bd7 14. Bf3 Be6 15. d5 Rd7 16. dxe6 Rxd1 17. Rxd1 Qc8 18. exf7+ Kxf7 19. Nc3 Rd8 20. Rdc1 Qe6 21. h3 b4 22. Na4 Nd5 23. Bc5 a5 24. Rd1 Qc6 25. Rac1 Qxa4 26. Bxd5+ e6 27. Bb3 Rxd1+ 28. Rxd1 Qc6 29. Be3 a4 30. Rc1 Qd7 31. Bc4 Bxb2 32. Rb1 Bc3 33. g4 Qc6 34. Bf1 Qd5 35. Bg2 Qxa2 36. Rd1 b3 37. Rd7+ Kf6 38. g5+ Kf5 0-1


[Site "https://www.chess.com"]

[Event "Titled Tuesday Blitz February 07 Late 2023"]
[White "Sabar, Ethmane Daouda"]
[Black "Silva, Pedro Gil Ferreira Da"]
[WhiteFideId "19600097"]
[BlackFideId "1946102"]
[WhiteElo "2040"]
[BlackElo "2227"]
[Result "1-0"]
[Round "04"]
[TimeControl "180+2"]
[Date "2023.02.07"]
[WhiteClock "0:00:08"]
[BlackClock "0:00:25"]

1. e4 c6 2. d3 d5 3. Nd2 g6 4. Ngf3 Bg7 5. g3 Nf6 6. Bg2 O-O 7. O-O Nbd7 8. Re1 e5 9. exd5 Nxd5 10. Nf1 Re8 11. h3 Nc5 12. Ng5 h6 13. Ne4 Nxe4 14. Bxe4 Be6 15. Ne3 Bxh3 16. Qf3 Be6 17. Qg2 Nxe3 18. Bxe3 Bd5 19. Re2 f5 20. Bf3 Bxf3 21. Qxf3 Qd5 22. Kg2 Kf7 23. Rh1 Qxf3+ 24. Kxf3 g5 25. Bd2 Rad8 26. Bc3 g4+ 27. Kg2 f4 28. gxf4 exf4 29. Rxe8 Rxe8 30. Bxg7 Kxg7 31. Rh4 h5 32. Rxh5 Kg6 33. Rh4 Kg5 34. Rh7 Re1 35. Rxb7 f3+ 36. Kh2 Re2 37. Kg3 Rxc2 38. Rxa7 Rxb2 39. Rg7+ Kf5 40. Rxg4 Rxa2 41. Rf4+ Ke5 42. Kxf3 Ra3 43. Ke3 Ra1 44. Rc4 Kd5 45. f4 Re1+ 46. Kf3 Rf1+ 47. Kg4 Rd1 48. Rc3 Kd4 49. Rxc6 Rg1+ 50. Kf5 Kxd3 51. Re6 Kd4 52. Kf6 Kd5 53. f5 Rh1 54. Re2 Kd6 55. Kf7 Rg1 56. f6 Kd7 57. Rd2+ Kc7 58. Kf8 Rf1 59. f7 Rg1 60. Rd4 Kc8 61. Ke7 Re1+ 62. Kf6 Rf1+ 63. Ke6 Re1+ 64. Kf5 Kb7 65. f8=Q Kc6 66. Qd6+ Kb5 67. Rb4+ Ka5 68. Qb6# 1-0


[Site "https://www.chess.com"]

[Event "Titled Tuesday Blitz February 07 Late 2023"]
[White "Grot, Blazej"]
[Black "Levine, David"]
[WhiteFideId "21835845"]
[BlackFideId "2011611"]
[WhiteElo "1990"]
[BlackElo "2040"]
[Result "1-0"]
[Round "04"]
[TimeControl "180+2"]
[Date "2023.02.07"]
[WhiteClock "0:00:03"]
[BlackClock "0:00:21"]

1. e4 e5 2. Nf3 Nc6 3. Bc4 Nf6 4. d3 h6 5. c3 d6 6. Bb3 g5 7. Nbd2 Bg7 8. Nf1 O-O 9. Ng3 d5 10. Qe2 a5 11. Nf5 Bxf5 12. exf5 a4 13. Bc2 e4 14. dxe4 Nxe4 15. O-O Re8 16. Qd3 Ne5 17. Nxe5 Bxe5 18. f6 Qxf6 19. Qxd5 c6 20. Qc4 b5 21. Qe2 Nxc3 22. Qd3 Ne2+ 23. Kh1 Nxc1 24. Raxc1 Rad8 25. Qh7+ Kf8 26. Be4 Rd6 27. g3 Qg7 28. Qf5 Qf6 29. Qh3 Kg7 30. b3 axb3 31. axb3 Ra8 32. Qg2 Ra2 33. Bxc6 Rdd2 34. Rce1 Bd4 35. Bxb5 Rxf2 36. Rxf2 Rxf2 37. Qe4 Rf1+ 38. Rxf1 Qxf1+ 39. Bxf1 1-0


[Site "https://www.chess.com"]

[Event "Titled Tuesday Blitz February 07 Late 2023"]
[White "Aguilar, Juan"]
[Black "Necula, Iulian"]
[WhiteFideId "3800091"]
[BlackFideId "1232380"]
[WhiteElo "2254"]
[BlackElo "1851"]
[Result "1-0"]
[Round "04"]
[TimeControl "180+2"]
[Date "2023.02.07"]
[WhiteClock "0:00:39"]
[BlackClock "0:00:05"]

1. Nf3 f5 2. g3 Nf6 3. Bg2 g6 4. O-O Bg7 5. d3 d6 6. c4 e5 7. Nc3 O-O 8. b4 c6 9. b5 Bd7 10. a4 a5 11. Ba3 Be8 12. Rb1 h6 13. Qb3 Kh7 14. e3 Rf7 15. c5 cxb5 16. axb5 e4 17. dxe4 fxe4 18. Nd4 dxc5 19. Ne6 Qc8 20. Nxg7 Kxg7 21. Nd5 Nxd5 22. Qxd5 Qf5 23. Bb2+ Kh7 24. Qc4 Re7 25. Qc3 Qe5 26. Qxe5 Rxe5 27. Bxe5 Nd7 28. Bc3 Rc8 29. Bxe4 b6 30. Rfd1 Nf8 31. Rd6 Bf7 32. h4 Ne6 33. h5 Ng5 34. hxg6+ Bxg6 35. Bxg6+ Kg8 36. Kg2 a4 37. Rbd1 a3 38. Rd8+ Rxd8 39. Rxd8# 1-0


[Site "https://www.chess.com"]

[Event "Titled Tuesday Blitz February 07 Late 2023"]
[White "Balog, Imre"]
[Black "Figorito, Nick"]
[WhiteFideId "728446"]
[BlackFideId "30923689"]
[WhiteElo "2615"]
[BlackElo "2036"]
[Result "0-1"]
[Round "04"]
[TimeControl "180+2"]
[Date "2023.02.07"]
[WhiteClock "0:00:03"]
[BlackClock "0:00:50"]

1. e4 e6 2. d4 d5 3. Nd2 Nf6 4. e5 Nfd7 5. Bd3 c5 6. c3 Nc6 7. Ne2 cxd4 8. cxd4 f6 9. Nf4 Nxd4 10. Qh5+ Ke7 11. exf6+ Nxf6 12. Qe5 Nc6 13. Qg5 Kf7 14. b3 Bd6 15. Nh5 Nxh5 16. Qxh5+ g6 17. Qf3+ Qf6 18. Qxf6+ Kxf6 19. Bb2+ Be5 20. Bxe5+ Nxe5 21. Be2 Bd7 22. Nf3 Nxf3+ 23. Bxf3 Rac8 24. Kd2 Rc7 25. Rac1 Rhc8 26. Rxc7 Rxc7 27. Rc1 Rxc1 28. Kxc1 Ke5 29. Kd2 Kd4 30. h4 e5 31. h5 gxh5 32. Bxh5 h6 33. Bf3 e4 34. Bh5 a5 35. Be2 b5 36. a3 b4 37. a4 Ke5 38. g3 d4 39. Bc4 Be6 40. Bxe6 Kxe6 41. Ke2 Kf5 42. f3 h5 0-1


[Site "https://www.chess.com"]

[Event "Titled Tuesday Blitz February 07 Late 2023"]
[White "Melikhov, Evgeny V."]
[Black "Butolo, Alexandru-Mircea"]
[WhiteFideId "4122046"]
[BlackFideId "1261649"]
[WhiteElo "2269"]
[BlackElo "2033"]
[Result "1-0"]
[Round "04"]
[TimeControl "180+2"]
[Date "2023.02.07"]
[WhiteClock "0:00:04"]
[BlackClock "0:00:05"]

1. d4 Nf6 2. c4 e6 3. Nc3 Bb4 4. Qc2 d5 5. cxd5 exd5 6. Bg5 c5 7. e3 h6 8. Bxf6 Qxf6 9. a3 Bf5 10. Qa4+ Bd7 11. Bb5 cxd4 12. Bxd7+ Nxd7 13. Qxb4 dxc3 14. bxc3 Rc8 15. Ne2 Qa6 16. Ra2 Nc5 17. O-O O-O 18. Nd4 Ne4 19. Rb2 b6 20. Rc1 Qd3 21. Nf3 Rxc3 22. Rf1 Rfc8 23. Qd4 Qxd4 24. Nxd4 Rxa3 25. h3 Rac3 26. Ra1 Rc1+ 27. Rxc1 Rxc1+ 28. Kh2 Nxf2 29. Rxf2 a5 30. Rf5 a4 31. Rxd5 a3 32. Rd8+ Kh7 33. Ra8 Rc3 34. Nb5 Rxe3 35. Rxa3 Re5 36. Rb3 f5 37. Nd4 Rd5 38. Nf3 b5 39. Kg3 g5 40. Kf2 g4 41. hxg4 fxg4 42. Ne1 h5 43. g3 Kg6 44. Nd3 Kf5 45. Nf4 Rd2+ 46. Ke3 Rd1 47. Rxb5+ Kf6 48. Nxh5+ Ke6 49. Nf4+ Kf7 50. Ke4 Rg1 51. Kf5 Rxg3 52. Rb7+ Kg8 53. Kg6 Kf8 54. Nh5 Rf3 55. Nf6 g3 56. Rf7# 1-0


[Site "https://www.chess.com"]

[Event "Titled Tuesday Blitz February 07 Late 2023"]
[White "Manu_ChessExcelsior"]
[Black "Goncalves, Davi Sulzbacher"]
[BlackFideId "2154510"]
[WhiteElo "1881"]
[BlackElo "2282"]
[Result "0-1"]
[Round "04"]
[TimeControl "180+2"]
[Date "2023.02.07"]
[WhiteClock "0:00:17"]
[BlackClock "0:00:20"]

1. e4 e5 2. Nf3 Nc6 3. Bc4 Nf6 4. Ng5 d5 5. exd5 b5 6. Bf1 Nd4 7. c3 Nxd5 8. cxd4 Qxg5 9. Bxb5+ Kd8 10. O-O Bb7 11. Qf3 Rb8 12. Qg3 Qxg3 13. fxg3 exd4 14. Rxf7 Nf6 15. Bc4 Be4 16. d3 Bg6 17. Bg5 Bxf7 18. Bxf7 Rxb2 19. Nd2 h6 20. Nc4 Re2 21. Kf1 Re7 22. Bxf6 gxf6 23. Bd5 h5 24. Rb1 Kd7 25. Bc6+ Kxc6 0-1


[Site "https://www.chess.com"]

[Event "Titled Tuesday Blitz February 07 Late 2023"]
[White "Averjanov, Alexey"]
[Black "Castillo Pena, Patricia Evarista"]
[WhiteFideId "14109867"]
[BlackFideId "6412106"]
[WhiteElo "2399"]
[BlackElo "1783"]
[Result "1-0"]
[Round "04"]
[TimeControl "180+2"]
[Date "2023.02.07"]
[WhiteClock "0:02:27"]
[BlackClock "0:02:00"]

1. d4 d5 2. c4 c6 3. e3 Nf6 4. Bd3 dxc4 5. Bxc4 b5 6. Bd3 Bb7 7. Nf3 e6 8. O-O c5 9. Bxb5+ Nbd7 10. Qa4 Bxf3 11. gxf3 cxd4 12. Rd1 Bc5 13. exd4 Bd6 14. d5 Nxd5 15. Nc3 Nb6 16. Qg4 O-O 17. Rxd6 1-0


[Site "https://www.chess.com"]

[Event "Titled Tuesday Blitz February 07 Late 2023"]
[White "Hoffmann, Asa"]
[Black "Yang, Qindong"]
[WhiteFideId "2001470"]
[BlackFideId "8603758"]
[WhiteElo "2185"]
[BlackElo "2127"]
[Result "1-0"]
[Round "04"]
[TimeControl "180+2"]
[Date "2023.02.07"]
[WhiteClock "0:00:55"]
[BlackClock "0:00:02"]

1. e4 c5 2. Nc3 d6 3. f4 g6 4. Nf3 Bg7 5. Bc4 e6 6. d3 Ne7 7. O-O O-O 8. Qe1 Nbc6 9. a3 d5 10. Ba2 dxe4 11. Nxe4 Nf5 12. Bd2 Ncd4 13. Rc1 b6 14. c3 Nc6 15. Qe2 Ba6 16. Bb1 Qd7 17. Rfd1 Rad8 18. Be1 Qc7 19. g4 Nfe7 20. Bg3 Qd7 21. Ne5 Qc8 22. b4 Bb7 23. Qf2 f6 24. Nc4 b5 25. Ncd6 Qc7 26. Nxb7 Qxb7 27. Ba2 Nd5 28. Nxc5 Qe7 29. Re1 Rd6 30. f5 e5 31. Qf3 Rfd8 32. Ne6 R8d7 33. c4 bxc4 34. dxc4 Nc7 35. c5 Rd3 36. Nf4+ Kh8 37. Nxd3 1-0


[Site "https://www.chess.com"]

[Event "Titled Tuesday Blitz February 07 Late 2023"]
[White "Sonnenschein, Philipp"]
[Black "Lacasa Diaz, Jose Antonio"]
[WhiteFideId "16250877"]
[BlackFideId "2203375"]
[WhiteElo "2224"]
[BlackElo "2359"]
[Result "1/2-1/2"]
[Round "04"]
[TimeControl "180+2"]
[Date "2023.02.07"]
[WhiteClock "0:00:09"]
[BlackClock "0:00:17"]

1. e4 c5 2. Nf3 d6 3. Bb5+ Bd7 4. Bxd7+ Qxd7 5. c4 Nc6 6. d4 e5 7. d5 Nd4 8. O-O g6 9. Nc3 Bg7 10. Be3 Ne7 11. a3 O-O 12. b4 b6 13. Ne1 f5 14. f3 f4 15. Bf2 g5 16. Nd3 h5 17. Qa4 Qd8 18. Rab1 Ng6 19. bxc5 bxc5 20. Rb7 g4 21. Bxd4 exd4 22. Ne2 gxf3 23. Rxf3 Ne5 24. Nxe5 Bxe5 25. Rh3 f3 26. gxf3 Qg5+ 27. Kf1 d3 28. Qd7 dxe2+ 29. Kxe2 Qg2+ 30. Kd1 Qf1+ 31. Kc2 Qe2+ 32. Kc1 Bf4+ 33. Kb1 Qd3+ 34. Ka2 Qxc4+ 35. Kb1 Qc1+ 36. Ka2 Qc2+ 37. Rb2 Qc4+ 38. Kb1 Qd3+ 39. Ka2 Qc4+ 40. Kb1 Qf1+ 41. Ka2 Qc4+ 1/2-1/2


[Site "https://www.chess.com"]

[Event "Titled Tuesday Blitz February 07 Late 2023"]
[White "Malicka, Maria"]
[Black "Kochetov, Andrey"]
[WhiteFideId "1197576"]
[BlackFideId "24130532"]
[WhiteElo "2255"]
[BlackElo "2165"]
[Result "1-0"]
[Round "04"]
[TimeControl "180+2"]
[Date "2023.02.07"]
[WhiteClock "0:02:12"]
[BlackClock "0:00:04"]

1. e4 e5 2. Nf3 Nf6 3. Nc3 Nc6 4. d4 exd4 5. Nxd4 Bb4 6. Nxc6 bxc6 7. Bd3 d5 8. exd5 cxd5 9. O-O O-O 10. Bg5 c6 11. Qf3 Be7 12. h3 Rb8 13. b3 h6 14. Bf4 Bd6 15. Rfe1 Be6 16. Ne2 c5 17. Bxd6 Qxd6 18. Nf4 Rfe8 19. Rad1 Rb4 20. c4 d4 21. Nd5 Bxd5 22. Rxe8+ Nxe8 23. Qxd5 Qxd5 24. cxd5 Nf6 25. Rc1 Nd7 26. Bf5 Ne5 27. d6 g6 28. Rxc5 gxf5 29. Rxe5 Rb8 30. Rd5 Rd8 31. Rxd4 Kg7 32. Kf1 Kf6 33. Ke2 Ke5 34. Rd1 Rd7 35. Ke3 a5 36. a3 Ke6 37. Kf4 Kf6 38. Rd3 Ke6 39. f3 Kf6 40. g3 Ke6 41. h4 Kf6 42. Rd5 Ke6 43. Rxf5 Rxd6 44. Rxa5 Rd3 45. Rb5 Rc3 46. a4 Rc1 47. a5 Rc3 48. a6 Rxb3 49. Rxb3 1-0


[Site "https://www.chess.com"]

[Event "Titled Tuesday Blitz February 07 Late 2023"]
[White "Marczuk, Dominik"]
[Black "Osmonbekov, Talaibek"]
[WhiteFideId "1111264"]
[BlackFideId "2017253"]
[WhiteElo "2253"]
[BlackElo "2137"]
[Result "0-1"]
[Round "04"]
[TimeControl "180+2"]
[Date "2023.02.07"]
[WhiteClock "0:00:06"]
[BlackClock "0:00:46"]

1. e4 c5 2. Nf3 d6 3. d4 cxd4 4. Nxd4 Nf6 5. Nc3 g6 6. Be3 Bg7 7. f3 O-O 8. Qd2 Nc6 9. O-O-O d5 10. Nxc6 bxc6 11. Bh6 Rb8 12. e5 Nd7 13. Bxg7 Kxg7 14. h4 h5 15. Re1 Qb6 16. b3 e6 17. g4 Rh8 18. Bd3 Qd4 19. gxh5 Rxh5 20. f4 Nc5 21. Rh3 Ba6 22. Bxa6 Qxd2+ 23. Kxd2 Nxa6 24. Ne2 Nc5 25. Ng3 Rh6 26. h5 Rbh8 27. Reh1 Kf8 28. Ke3 a5 29. Kd4 Nd7 30. a3 c5+ 31. Kd3 Nb6 32. a4 Nc8 33. Ke3 Ne7 34. Kf3 Nf5 35. Nxf5 exf5 36. Rd1 d4 37. c3 dxc3 38. Rc1 Rxh5 39. Rxh5 Rxh5 40. Kg3 g5 41. Rxc3 g4 42. Rxc5 Rh3+ 43. Kg2 Rxb3 44. Rxa5 Rf3 45. Ra8+ Kg7 46. Ra7 Kg6 47. Ra6+ Kg7 48. Ra7 Kf8 49. Ra8+ Ke7 50. Ra7+ Ke6 51. Ra6+ Kd5 52. Rf6 Rxf4 53. Rxf7 Kxe5 54. a5 Ra4 55. Ra7 Kf4 56. a6 Ra2+ 57. Kf1 Kf3 58. Ra8 Ra1# 0-1


[Site "https://www.chess.com"]

[Event "Titled Tuesday Blitz February 07 Late 2023"]
[White "Suarez Uriel, Adrian"]
[Black "Alexikov, Alexander"]
[WhiteFideId "22230874"]
[BlackFideId "14103958"]
[WhiteElo "2356"]
[BlackElo "2209"]
[Result "0-1"]
[Round "04"]
[TimeControl "180+2"]
[Date "2023.02.07"]
[WhiteClock "0:01:51"]
[BlackClock "0:00:27"]

1. e4 c5 2. Nf3 d6 3. d4 cxd4 4. Nxd4 Nf6 5. Nc3 a6 6. h3 e6 7. g4 b5 8. Bg2 Bb7 9. g5 Nfd7 10. h4 Be7 11. a3 Qc7 12. h5 Ne5 13. f4 Nc4 14. g6 Bf6 15. gxf7+ Qxf7 16. b3 Nb6 17. Be3 N8d7 18. Qd2 O-O 19. h6 g6 20. O-O-O Rac8 21. Bh3 Rfe8 22. f5 exf5 23. exf5 Bxh1 24. Rxh1 Rxc3 25. Qxc3 Nd5 26. fxg6 hxg6 27. Qc6 Ne5 28. h7+ Kh8 29. Be6 Qxe6 0-1


[Site "https://www.chess.com"]

[Event "Titled Tuesday Blitz February 07 Late 2023"]
[White "Kovacs, Klara"]
[Black "Gardezi, Arsal"]
[WhiteFideId "733210"]
[BlackFideId "30949521"]
[WhiteElo "2121"]
[BlackElo "2093"]
[Result "0-1"]
[Round "04"]
[TimeControl "180+2"]
[Date "2023.02.07"]
[WhiteClock "0:00:48"]
[BlackClock "0:00:38"]

1. d4 d5 2. Nf3 Nf6 3. g3 e6 4. Bg2 b6 5. O-O Bb7 6. c3 Nbd7 7. Nbd2 Bd6 8. Qc2 O-O 9. Re1 c5 10. b3 Rc8 11. Bb2 Re8 12. Rac1 Ne4 13. Nxe4 dxe4 14. Nd2 f5 15. e3 e5 16. Nc4 Bb8 17. Qd2 b5 18. Na3 exd4 19. exd4 Ne5 20. Re3 Nd3 21. Rd1 f4 22. Rxd3 exd3 23. Bxb7 Rc7 24. Bh1 Re2 25. Qc1 Rce7 26. Nxb5 fxg3 27. hxg3 Qf8 28. Rf1 d2 29. Qd1 Bxg3 30. Bd5+ Kh8 31. f3 Qf4 32. Be4 Qe3+ 33. Kh1 Rh2# 0-1


[Site "https://www.chess.com"]

[Event "Titled Tuesday Blitz February 07 Late 2023"]
[White "Bouget, Alexandre"]
[Black "Stolz, Mike"]
[WhiteFideId "681318"]
[BlackFideId "4617134"]
[WhiteElo "2267"]
[BlackElo "2330"]
[Result "1-0"]
[Round "04"]
[TimeControl "180+2"]
[Date "2023.02.07"]
[WhiteClock "0:00:08"]
[BlackClock "0:00:03"]

1. d4 Nf6 2. c4 e6 3. Nc3 Bb4 4. a3 Bxc3+ 5. bxc3 c5 6. f3 Nc6 7. e4 d6 8. Bg5 Qe7 9. d5 Ne5 10. Bd3 h6 11. Bh4 Ng6 12. Bf2 exd5 13. cxd5 O-O 14. Ne2 Rb8 15. a4 a6 16. a5 Nh5 17. O-O Nhf4 18. Nxf4 Nxf4 19. Bc4 Qf6 20. Qd2 Qg5 21. Be3 Nh3+ 22. Kh1 Qh5 23. gxh3 Bxh3 24. Rf2 f5 25. Rg1 fxe4 26. Bxh6 exf3 27. Rxg7+ Kh8 28. Rg3 Bg2+ 29. Kg1 Rg8 30. Bf4 Rbe8 31. Bxd6 Rxg3 32. Bxg3 Qg6 33. Rxg2 fxg2 34. Kxg2 Qg4 35. Bd3 Qh5 36. Qf2 Qxd5+ 37. Qf3 Qxf3+ 38. Kxf3 Rd8 39. Ke3 Re8+ 40. Be4 Kg8 41. Kd3 Kf7 42. Bxb7 Re6 43. Bd5 1-0


[Site "https://www.chess.com"]

[Event "Titled Tuesday Blitz February 07 Late 2023"]
[White "Gatterer, Florian"]
[Black "Winkels, Marcel"]
[WhiteFideId "811688"]
[BlackFideId "1003887"]
[WhiteElo "2170"]
[BlackElo "1960"]
[Result "1-0"]
[Round "04"]
[TimeControl "180+2"]
[Date "2023.02.07"]
[WhiteClock "0:01:56"]
[BlackClock "0:01:51"]

1. e4 c5 2. d4 cxd4 3. c3 e5 4. cxd4 exd4 5. Nf3 Nc6 6. Nxd4 Nf6 7. Nc3 Bb4 8. Nxc6 Bxc3+ 9. bxc3 bxc6 10. Bd3 h6 11. O-O O-O 12. e5 Nd5 13. c4 Nb4 14. Bb1 Ba6 15. a3 Bxc4 16. axb4 Bxf1 17. Qxf1 Qb6 18. Qd3 Qxb4 19. Qh7# 1-0


[Site "https://www.chess.com"]

[Event "Titled Tuesday Blitz February 07 Late 2023"]
[White "Slavin, Alexey"]
[Black "Kovalevsky, Stanislav"]
[WhiteFideId "24104388"]
[BlackFideId "13508598"]
[WhiteElo "2364"]
[BlackElo "2237"]
[Result "0-1"]
[Round "04"]
[TimeControl "180+2"]
[Date "2023.02.07"]
[WhiteClock "0:00:10"]
[BlackClock "0:00:24"]

1. e4 e6 2. Nf3 d5 3. e5 c5 4. b4 Nc6 5. bxc5 Bxc5 6. d4 Bb6 7. c3 Nge7 8. Bd3 Bd7 9. O-O Qc7 10. a4 f6 11. Bf4 f5 12. Na3 a6 13. h4 Na5 14. Rc1 Nc4 15. Nxc4 dxc4 16. Bb1 Nd5 17. Bd2 Qc6 18. Bc2 Ba5 19. Qe1 O-O 20. Ra1 b5 21. axb5 axb5 22. h5 Rfb8 23. h6 g6 24. Ng5 Bd8 25. Rxa8 Rxa8 26. Nh3 Ra2 27. Bd1 b4 28. cxb4 c3 29. Bc1 Ra1 30. Bf3 Qc4 31. Nf4 Nxf4 32. Qe3 Nd3 33. Be2 Bb5 34. Rd1 Qb3 35. Rxd3 Bxd3 36. Bxd3 Qd1+ 37. Kh2 Qxc1 38. Qf3 Qh1+ 39. Kg3 Qh4# 0-1


[Site "https://www.chess.com"]

[Event "Titled Tuesday Blitz February 07 Late 2023"]
[White "Kalajzic, Ivan"]
[Black "Jesusesmifuerza"]
[WhiteFideId "14506378"]
[WhiteElo "2062"]
[BlackElo "2043"]
[Result "1-0"]
[Round "04"]
[TimeControl "180+2"]
[Date "2023.02.07"]
[WhiteClock "0:00:18"]
[BlackClock "0:00:06"]

1. d4 d5 2. Nc3 e6 3. Nf3 c5 4. e4 cxd4 5. Qxd4 Nc6 6. Bb5 Bd7 7. Bxc6 bxc6 8. O-O Qb6 9. Qd3 Rb8 10. b3 c5 11. exd5 Nf6 12. dxe6 Bxe6 13. Bb2 Be7 14. Ne4 O-O 15. Nxf6+ Bxf6 16. Bxf6 gxf6 17. Qe3 Rbd8 18. Rad1 c4 19. Qh6 Bf5 20. Rc1 Bg6 21. Qf4 cxb3 22. cxb3 Qd6 23. Qe3 Qa3 24. Ra1 Rfe8 25. Qc3 Qa6 26. h3 Qb6 27. Rac1 Rc8 28. Qd2 Rcd8 29. Qf4 Qd6 30. Qxd6 Rxd6 31. Rc7 Ra6 32. a4 Rd8 33. Rfc1 Rd3 34. R7c3 Rxc3 35. Rxc3 Rb6 36. Nd4 a5 37. Rc6 Rb4 38. Rd6 f5 39. f4 Kg7 40. g4 Rb8 41. gxf5 Bh5 42. f6+ Kg6 43. f5+ Kh6 44. Rd7 Bd1 45. Rxf7 Bxb3 46. Ne6 Bxa4 47. h4 Rb2 48. Rg7 Rb3 49. f7 Rb1+ 50. Kf2 Rb2+ 51. Ke3 Rb3+ 52. Kf4 Rb8 53. Rg8 Rxg8 54. fxg8=Q Bd7 55. Qg5# 1-0


[Site "https://www.chess.com"]

[Event "Titled Tuesday Blitz February 07 Late 2023"]
[White "Jarocka, Liwia"]
[Black "Mohammadian, Mohammad"]
[WhiteFideId "21807558"]
[BlackFideId "12566055"]
[WhiteElo "2225"]
[BlackElo "1398"]
[Result "1-0"]
[Round "04"]
[TimeControl "180+2"]
[Date "2023.02.07"]
[WhiteClock "0:01:11"]
[BlackClock "0:00:01"]

1. d4 Nf6 2. c4 g6 3. Nf3 Bg7 4. g3 O-O 5. Bg2 c6 6. O-O d5 7. cxd5 cxd5 8. Nc3 Nc6 9. Ne5 e6 10. Nxc6 bxc6 11. Na4 Nd7 12. Bf4 Qa5 13. b3 Re8 14. Rc1 Bb7 15. Bd6 e5 16. dxe5 Bxe5 17. Bxe5 Nxe5 18. Qc2 Nd7 19. Rfd1 Rac8 20. e3 Ba6 21. Bh3 Red8 22. Nc5 Nxc5 23. Qxc5 Qxc5 24. Rxc5 Rc7 25. Rdc1 Bb7 26. Bg2 Kf8 27. Bxd5 Rcd7 28. Bxc6 Rd1+ 29. Rxd1 Rxd1+ 30. Kg2 Bxc6+ 31. Rxc6 Ra1 32. a4 Rb1 33. Rc8+ Kg7 34. Rc7 Rxb3 35. Rxa7 Ra3 36. a5 h5 37. a6 Kf6 38. h4 Ke6 39. Ra8 Kf6 40. a7 Kg7 41. e4 Kf6 42. e5+ Kg7 43. Kh3 Ra4 44. f3 Ra3 45. f4 Ra4 46. Kg2 Ra2+ 47. Kf3 Ra3+ 48. Ke4 Ra4+ 49. Kd5 Ra5+ 50. Kc6 1-0


[Site "https://www.chess.com"]

[Event "Titled Tuesday Blitz February 07 Late 2023"]
[White "Schroeder, Jan-Christian"]
[Black "Floresvillar Gonzalez, Luis Migu"]
[WhiteFideId "24662259"]
[BlackFideId "5100542"]
[WhiteElo "2553"]
[BlackElo "2043"]
[Result "1-0"]
[Round "04"]
[TimeControl "180+2"]
[Date "2023.02.07"]
[WhiteClock "0:00:39"]
[BlackClock "0:00:09"]

1. Nf3 d5 2. g3 c6 3. Bg2 Bg4 4. O-O Nd7 5. c4 e6 6. d3 Bc5 7. Nc3 Ngf6 8. a3 a5 9. Rb1 O-O 10. b4 axb4 11. axb4 Bb6 12. Bf4 Re8 13. Qc2 e5 14. Bg5 h6 15. Bxf6 Nxf6 16. c5 Bc7 17. e4 dxe4 18. dxe4 Bxf3 19. Bxf3 Qe7 20. Rfd1 Red8 21. Kg2 b5 22. Ne2 Ra4 23. Rxd8+ Bxd8 24. h4 g6 25. h5 Nxh5 26. Bxh5 gxh5 27. Nc3 Ra3 28. Rh1 Qg5 29. Nd1 Qg6 30. Ne3 h4 31. Nf5 hxg3 32. fxg3 h5 33. Qb2 Rxg3+ 34. Nxg3 h4 35. Rh3 hxg3 36. Rxg3 Bg5 37. Qe2 f6 38. Qg4 Qf7 39. Rd3 Qa2+ 40. Kh3 Qb1 41. Rd8+ Kg7 42. Qd7+ Kg6 43. Rg8+ Kh5 44. Qh7+ Bh6 45. Qg6# 1-0


[Site "https://www.chess.com"]

[Event "Titled Tuesday Blitz February 07 Late 2023"]
[White "Hristodoulou, Panagiotis"]
[Black "Ward, Ieuan C"]
[WhiteFideId "4214340"]
[BlackFideId "406627"]
[WhiteElo "2372"]
[BlackElo "2028"]
[Result "1-0"]
[Round "04"]
[TimeControl "180+2"]
[Date "2023.02.07"]
[WhiteClock "0:00:35"]
[BlackClock "0:00:06"]

1. e4 b6 2. d4 Bb7 3. Nc3 e6 4. Bd3 Bb4 5. Ne2 f5 6. exf5 exf5 7. O-O Ne7 8. a3 Bxc3 9. Nxc3 O-O 10. Re1 h6 11. Qh5 d5 12. Bf4 Rf7 13. Re2 Nd7 14. f3 Nf6 15. Qh3 Qd7 16. Rae1 a6 17. Be5 Re8 18. Nd1 c5 19. c3 Bc8 20. Bxf6 Rxf6 21. Ne3 Ng6 22. Nxd5 Rxe2 23. Nxf6+ gxf6 24. Rxe2 cxd4 25. c4 Kh7 26. Qg3 Ne5 27. f4 Nxd3 28. Qxd3 Bb7 29. h3 Be4 30. Qd2 d3 31. Re3 Qd4 32. Kh2 Qxc4 33. Rg3 Qd4 34. Qc1 Qd7 35. Qc4 Bd5 36. Qxd3 Qf7 37. Qxf5+ 1-0


[Site "https://www.chess.com"]

[Event "Titled Tuesday Blitz February 07 Late 2023"]
[White "Slade, Theodore"]
[Black "Zampronha, Wladimir Camilo"]
[WhiteFideId "426547"]
[BlackFideId "2103087"]
[WhiteElo "1995"]
[BlackElo "2176"]
[Result "1-0"]
[Round "04"]
[TimeControl "180+2"]
[Date "2023.02.07"]
[WhiteClock "0:00:42"]
[BlackClock "0:00:13"]

1. d4 Nf6 2. c4 e6 3. g3 d5 4. Bg2 Be7 5. Nf3 O-O 6. O-O dxc4 7. Qc2 a6 8. a4 Bd7 9. Qxc4 Bc6 10. Bf4 a5 11. Nc3 Na6 12. Rfd1 Nb4 13. Rac1 Bd6 14. Bg5 Bxf3 15. Bxf3 c6 16. e4 Be7 17. Be3 Qb8 18. Kg2 Rd8 19. h4 h6 20. Bf4 Qa7 21. Be3 Qb8 22. Qe2 Re8 23. h5 Rd8 24. Bf4 Qa7 25. Be3 Qb8 26. b3 Re8 27. Bf4 Qa7 28. g4 Red8 29. Be3 Qb8 30. Rg1 Re8 31. Kh1 Nh7 32. e5 Bg5 33. Ne4 Bxe3 34. fxe3 Nd5 35. Nd6 Rf8 36. Bxd5 exd5 37. Rcf1 Ng5 38. Rf5 Qd8 39. Nxb7 Qb6 40. Nc5 Rad8 41. Rgf1 Ne4 42. Nxe4 dxe4 43. Qc4 Qc7 44. e6 Qg3 45. exf7+ Kh8 46. Qe2 Qh3+ 47. Qh2 Qxe3 48. Rxa5 Rxd4 49. Re5 Rd2 50. Qh4 Qe2 51. Qh3 Rd3 52. Qg2 Qe3 53. Re8 Qc5 54. Rxf8+ Qxf8 55. Qxe4 Rxb3 56. Qe8 Rh3+ 57. Kg2 1-0


[Site "https://www.chess.com"]